 Dungeon Crawl Stone Soup version 0.31.0-12-g77e489cdc1 (webtiles) character file.

Game seed: 1868466065054271479

161 leafyfresh the Magician (level 5, -19/35 HPs)
             Began as a Djinni Ice Elementalist on Feb 24, 2024.
             Demolished by an ogre
             ... wielding a +0 giant club
              (24 damage)
             ... on level 4 of the Dungeon.
             The game lasted 00:03:58 (3279 turns).

leafyfresh the Magician (Djinni Ice Elementalist)   Turns: 3279, Time: 00:03:59

Health: -19/35     AC:  8    Str:  7    XL:     5   Next: 70%
Gold:   192        EV: 17    Int: 18    God:
                   SH:  0    Dex: 14

rFire   + + .        n - +3 dagger
rCold   x . .        (no shield)
rNeg    . . .        a - +0 robe
rPois   ∞            (no helmet)
rElec   .            (no cloak)
rCorr   .            (no gloves)
SInv    .            (boots unavailable)
Will    .....        (no amulet)
Stlth   ++           c - +5 ring of evasion
HPRegen 0.25/turn    (no ring)
MPRegen 0.00/turn

%: infuse magic (-20 HP)
@: ice-armoured, flying
A: sickness immunity, fire resistance 2, cold vulnerability 1, float, innate
caster, HP casting, extra vitality 1
a: no special abilities


You were on level 4 of the Dungeon.
You visited 1 branch of the dungeon, and saw 4 of its levels.

You collected 192 gold pieces.

Inventory:

Hand Weapons
 e - a +0 spear
 n - a +3 dagger (weapon)
Armour
 a - a +0 robe (worn)
 r - a +0 pair of gloves
Jewellery
 c - a +5 ring of evasion (left hand)
Wands
 s - a wand of charming (8)
Scrolls
 d - a scroll of poison {unknown}
 f - a scroll of fear {unknown}
 g - a scroll of identify {unknown}
 h - a scroll of revelation {unknown}
 i - 2 scrolls of immolation {unknown}
 k - a scroll of noise {unknown}
 q - a scroll of teleportation {unknown}
Potions
 b - 2 potions of enlightenment {unknown}
 j - 4 potions of curing {unknown}
 l - a potion of ambrosia {unknown}
 m - 2 potions of degeneration {unknown}
 o - a potion of haste {unknown}
 p - 2 potions of lignification {unknown}


   Skills:
 - Level 2.1 Dodging
 - Level 1.5 Stealth
 + Level 5.4 Spellcasting
 + Level 5.4 Conjurations
 + Level 5.4 Hexes
 + Level 5.4 Summonings
 + Level 5.4 Necromancy
 + Level 5.4 Translocations
 + Level 5.4 Fire Magic
 + Level 5.4 Ice Magic
 + Level 5.4 Air Magic
 + Level 5.4 Earth Magic
 + Level 5.4 Alchemy


You knew the following spells:

 Your Spells              Type           Power      Damage    Failure   Level
a - Freeze                Ice            96%        1d10      1%          1
b - Frozen Ramparts       Ice            48%        1d8       4%          3
c - Ozocubu's Armour      Ice            24%        N/A       4%          3
d - Summon Ice Beast      Ice/Summ       24%        N/A       4%          3
e - Sting                 Conj/Alch      96%        1d9       1%          1
f - Scorch                Fire           48%        2d7       1%          2
Your spell library was empty.

Dungeon Overview and Level Annotations

Branches:
Dungeon (4/15)
 Temple: D:4-7

Altars:


Innate Abilities, Weirdness & Mutations

You are immune to sickness and miasma.
You are immune to poison.
Your flesh is very heat resistant. (rF++)
You are vulnerable to cold. (rC-)
You float through the air rather than walking.
You learn spells naturally, not from books.
Your magical power is your life essence.
You have superior vitality. (+4 MHP)


Message History

Aim: an ogre, wielding a +0 giant club (lightly wounded, more vulnerable to fire)
You freeze the ogre.
The ogre is moderately wounded.
* * * LOW HITPOINT WARNING * * *
The wall freezes the ogre.
The ogre misses you.
Unknown command.
Unknown command.
Casting: Freeze (safe; 1% risk of failure)
Confirm with . or Enter, or press ? or * to list all spells.
Aiming: Freeze (safe; 1% risk of failure)
Press: ? - help, Shift-Dir - straight line, f/p - ogre
Aim: an ogre, wielding a +0 giant club (heavily wounded, more vulnerable to fire)
You freeze the ogre!
The ogre is severely wounded.
* * * LOW HITPOINT WARNING * * *
The ogre is no longer more vulnerable to fire.
The wall freezes the ogre.
The ogre barely misses you.
Unknown command.
Casting: Freeze (safe; 1% risk of failure)
Confirm with . or Enter, or press ? or * to list all spells.
Aiming: Freeze (safe; 1% risk of failure)
Press: ? - help, Shift-Dir - straight line, f/p - ogre
Aim: an ogre, wielding a +0 giant club (severely wounded)
You freeze the ogre.
The ogre is almost dead.
* * * LOW HITPOINT WARNING * * *
Unknown command.
Unknown command.
Casting: Freeze (safe; 1% risk of failure)
Confirm with . or Enter, or press ? or * to list all spells.
Aiming: Freeze (safe; 1% risk of failure)
Press: ? - help, Shift-Dir - straight line, f/p - ogre
Aim: an ogre, wielding a +0 giant club (almost dead)
You freeze the ogre.
The ogre is almost dead.
* * * LOW HITPOINT WARNING * * *
The frozen ramparts melt away.
The ogre hits you with a +0 giant club!!
Ouch! That really hurt!
You die...

## #.# #. ..# # #.
#$#
##.###.#####.######
.(................#
#..).....###.###
#.....††.......#
#..##.#.O###...# #
#.@# #...# #..#
#....# ..........##
###..####... #...
..... #.## ##..##.
#. #..# #. #..#


You could see an ogre.

Vanquished Creatures
  An iguana (D:4)
  Ijyb (D:3)
  A gnoll (D:4)
  5 adders
  2 ribbon worms
  5 ball pythons
  5 endoplasms
  8 giant cockroaches
  5 goblins
  4 hobgoblins
  2 quokkas
  7 bats
  2 frilled lizards (D:1)
  2 kobolds
  2 rats
52 creatures vanquished.

Notes
Turn   | Place    | Note
-------+----------+-------------------------------------------
     0 | D:1      | leafyfresh the Djinni Ice Elementalist began the quest for
                  | the Orb.
     0 | D:1      | leafyfresh set off with the following spells memorised:
                  | Freeze, Frozen Ramparts, Ozocubu's Armour, Summon Ice
                  | Beast.
     0 | D:1      | Reached XP level 1. HP: 15/15 MP: 0/0
     0 | D:1      | Noticed a ghoul
     0 | D:1      | Noticed a troll
     1 | D:1      | Noticed an octopode
     3 | D:1      | Noticed a barachi
     5 | D:1      | Noticed a vine stalker
     6 | D:1      | Noticed a merfolk
     8 | D:1      | Noticed an armataur
     9 | D:1      | Noticed a merfolk
    11 | D:1      | Noticed a human
    11 | D:1      | Noticed a minotaur
    13 | D:1      | Noticed a naga
    17 | D:1      | Noticed a felid
    17 | D:1      | Noticed a naga
    17 | D:1      | Noticed a gargoyle
    19 | D:1      | Noticed a barachi
    21 | D:1      | Noticed a draconian
   313 | D:1      | Reached XP level 2. HP: 15/21 MP: 0/0
   835 | D:2      | Reached XP level 3. HP: 21/25 MP: 0/0
   835 | D:2      | Learned a level 1 spell: Sting
   876 | D:2      | Found a faded altar of an unknown god.
  1910 | D:3      | Reached XP level 4. HP: 24/31 MP: 0/0
  2173 | D:3      | Noticed Ijyb
  2605 | D:3      | Killed Ijyb
  2606 | D:3      | Reached skill level 5 in Spellcasting
  2606 | D:3      | Reached skill level 5 in Conjurations
  2606 | D:3      | Reached skill level 5 in Hexes
  2606 | D:3      | Reached skill level 5 in Summonings
  2606 | D:3      | Reached skill level 5 in Necromancy
  2606 | D:3      | Reached skill level 5 in Translocations
  2606 | D:3      | Reached skill level 5 in Fire Magic
  2606 | D:3      | Reached skill level 5 in Ice Magic
  2606 | D:3      | Reached skill level 5 in Air Magic
  2606 | D:3      | Reached skill level 5 in Earth Magic
  2606 | D:3      | Reached skill level 5 in Alchemy
  2606 | D:3      | Reached XP level 5. HP: 22/35 MP: 0/0
  2606 | D:3      | Learned a level 2 spell: Scorch
  3266 | D:4      | Noticed an ogre
  3279 | D:4      | Demolished by an ogre

Illustrated notes

Levels and vault maps discovered:
D:1:      shiori_arrival_whats_in_store_for_you, layout_basic
D:2:      layout_basic, ebering_ecumenical_altar_ruins, serial_curves,
          eino_curves_03, eino_curves_01, eino_curves_02
D:3:      layout_rooms, minmay_distorted, uniq_ijyb
D:4:      layout_loops_ring, lemuel_tele_altar,
          nicolae_overflow_hallway_of_the_gods, serial_shops,
          nicolae_shop_tiny_glass, chequers_serial_rivers_room_b

Skill      XL: |  1  2  3  4 |
---------------+-------------+-----
Spellcasting   | 4 5 |  5.4
Conjurations   | 4 5 |  5.4
Hexes          | 4 5 |  5.4
Summonings     | 4 5 |  5.4
Necromancy     | 4 5 |  5.4
Translocations | 4 5 |  5.4
Fire Magic     | 4 5 |  5.4
Ice Magic      | 4 5 |  5.4
Air Magic      | 4 5 |  5.4
Earth Magic    | 4 5 |  5.4
Alchemy        | 4 5 |  5.4
Dodging        | |  2.1
Stealth        | |  1.5

Action                     |  1- 3 |  4- 6 || total
---------------------------+-------+-------++-------
  Melee: Unarmed           |     7 |       ||     7
         Spear             |    58 |       ||    58
         Dagger            |    11 |    52 ||    63
         Punch             |       |     1 ||     1
   Cast: Freeze            |    23 |     5 ||    28
         Frozen Ramparts   |     2 |     9 ||    11
         Ozocubu's Armour  |       |     2 ||     2
         Summon Ice Beast  |       |     1 ||     1
         Scorch            |       |     1 ||     1
   Stab: Sleeping          |     7 |     4 ||    11
 Armour: Robe              |    32 |    33 ||    65
  Dodge: Dodged            |    63 |    60 ||   123
